Map: Crête de Lerilak

Players

Jurists

  • Race: Protoss Protoss
  • League: Silver
  • Spawn Location: 1:00

zidar - Winner!

  • Race: Zerg Zerg
  • League: Silver
  • Spawn Location: 11:00

VOD

Have the link to the VOD?

Description

Time

  • Played on: Dec. 28, 2015, 9:27 a.m.
  • Length: 25:05
Show
View Real Time Build Order
Export as new Build Order

Jurists Protoss 

Build Orders:  

Get SALT Encoding   

  12  0:01  Probe (Chrono Boost)  
  13  0:11  Probe (Chrono Boost)  
  14  0:29  Probe (Chrono Boost), Pylon  
  15  0:37  Assimilator  
  15  0:47  Probe (Chrono Boost)  
  16  0:56  Gateway  
  16  1:03  Probe (Chrono Boost)  
  17  1:13  Gateway, Probe (Chrono Boost)  
  18  1:24  Probe (Chrono Boost)  
  19  1:51  Cybernetics Core  
  19  1:52  Zealot (Chrono Boost)  
  23  2:05  Zealot (Chrono Boost)  
  23  2:16  Gateway  
  23  2:28  Pylon  
  23  2:47  Mothership Core, Zealot (Chrono Boost)  
  23  2:49  Zealot (Chrono Boost)  
  29  3:03  Warp Gate (Chrono Boost)  
  29  3:05  Pylon  
  29  3:08  Adept  
  31  3:23  Adept  
  35  3:36  Adept  
  35  3:38  Adept  
  37  3:57  Zealot  
  37  4:01  Nexus  
  38  4:29  Probe  
  39  4:45  Pylon  
  39  4:50  Pylon  
  39  4:58  Probe  
  39  5:03  Adept x3  
  43  5:10  Probe  
  30  5:23  Probe  
  31  5:35  Probe  
  32  5:42  Pylon  
  32  5:43  Pylon  
  32  5:44  Probe  
  32  5:46  Pylon  
  33  5:54  Probe  
  34  6:02  Adept x3  
  40  6:05  Probe  
  41  6:15  Gateway  
  41  6:16  Gateway  
  41  6:20  Pylon  
  41  6:22  Robotics Facility  
  37  6:32  Stalker  
  37  6:33  Stalker x2  
  27  6:58  Stalker  
  27  6:59  Stalker x2  
  33  7:09  Probe, Assimilator  
  33  7:14  Mothership Core  
  36  7:20  Probe  
  37  7:26  Pylon x2  
  37  7:30  Probe  
  37  7:36  Stalker x3  
  44  7:41  Probe  
  45  7:51  Probe  
  38  8:01  Adept  
  38  8:02  Adept x2  
  38  8:03  Zealot  
  38  8:04  Zealot  
  48  8:20  Pylon  
  48  8:28  Zealot x4  
  56  8:43  Zealot  
  58  8:49  Probe  
  58  8:50  Assimilator  
  59  8:57  Nexus  
  59  8:59  Probe  
  60  9:06  Pylon  
  60  9:08  Pylon  
  60  9:09  Sentry  
  62  9:12  Adept  
  62  9:13  Adept x3  
  70  9:34  Zealot  
  70  9:35  Zealot  
  70  9:36  Zealot  
  76  9:50  Robotics Bay  
  76  10:11  Adept x3  
  76  10:12  Adept  
  76  10:13  Adept  
  86  10:18  Probe  
  87  10:28  Probe  
  87  10:33  Pylon  
  87  10:35  Pylon  
  88  10:39  Probe  
  89  10:43  Zealot x2  
  89  10:46  Sentry  
  89  10:48  Stalker  
  89  10:49  Probe, Stalker  
  99  10:56  Colossus  
  106  11:00  Probe  
  106  11:03  Probe  
  107  11:09  Assimilator  
  108  11:14  Probe  
  108  11:16  Probe  
  110  11:19  Assimilator  
  110  11:26  Probe  
  110  11:32  Pylon  
  111  11:34  Stalker x2  
  111  11:37  Probe  
  111  11:38  Extended Thermal Lance (Chrono Boost)  
  116  11:43  Probe  
  117  11:47  Probe  
  118  11:57  Forge  
  118  12:16  Stalker x2  
  118  12:17  Stalker x3  
  128  12:27  Probe  
  129  12:56  Colossus (Chrono Boost)  
  135  13:01  Stalker  
  135  13:02  Stalker  
  135  13:03  Stalker  
  135  13:05  Nexus, Stalker  
  133  13:50  Observer (Chrono Boost)  
  128  14:00  Stalker  
  128  14:01  Pylon, Stalker x3  
  128  14:02  Pylon, Stalker  
  106  14:41  Stalker x2  
  106  14:42  Stalker x3  
  50  15:11  Stalker x3  
  50  15:12  Stalker x2  
  42  15:31  Probe  
  42  15:33  Mothership Core  
  40  15:42  Probe  
  42  15:46  Pylon  
  42  15:47  Pylon  
  42  15:49  Pylon  
  43  15:53  Probe  
  44  16:03  Probe  
  45  16:14  Probe  
  42  16:25  Stalker x5  
  46  16:34  Gateway, Probe  
  46  16:35  Gateway  
  46  16:36  Probe, Gateway  
  46  16:38  Gateway  
  48  16:44  Probe  
  48  16:46  Probe  
  49  16:47  Assimilator  
  49  16:50  Stalker x2  
  49  16:51  Stalker  
  56  16:55  Probe  
  56  16:57  Probe  
  58  17:05  Probe  
  58  17:08  Probe  
  60  17:16  Probe  
  60  17:18  Probe  
  62  17:27  Stalker  
  62  17:28  Stalker x4  
  72  17:42  Protoss Ground Weapons Level 1 (Chrono Boost)  
  72  18:03  Stalker x6  
  72  18:04  Stalker  
  86  18:06  Probe  
  87  18:28  Stalker x3  
  87  18:29  Stalker  
  95  18:37  Colossus (Chrono Boost)  
  101  19:01  Stalker  
  101  19:02  Stalker x2  
  107  19:12  Assimilator  
  107  19:16  Assimilator  
  107  19:22  Stalker  
  107  19:23  Stalker x2  
  101  19:57  Stalker x4  
  109  20:07  Probe  
  109  20:18  Probe  
  110  20:28  Probe  
  111  20:39  Probe  
  112  20:49  Probe  
  113  21:01  Stalker x4  
  73  22:03  Pylon  
  73  22:06  Pylon  
  73  22:07  Pylon  
  73  22:10  Pylon  
  73  22:12  Stalker, Pylon  
  73  22:14  Stalker x3  
  55  22:57  Stalker x3  
  55  22:58  Stalker  
  21  23:21  Nexus  
  3  23:45  Pylon  
  3  24:03  Pylon  
  3  24:13  Stalker x4  
  11  24:38  Stalker x3  
  13  24:39  Stalker  
Show
View Real Time Build Order
Export as new Build Order

zidar Zerg - Winner!

Build Orders: Hatch First, Lurkers 

Get SALT Encoding   

  12  0:02  Drone  
  13  0:15  Overlord  
  13  0:17  Drone  
  14  0:33  Drone  
  15  0:40  Drone  
  16  0:47  Drone  
  17  0:59  Hatchery, Drone  
  17  1:23  Spawning Pool  
  17  1:24  Drone  
  17  1:46  Extractor, Drone  
  17  1:48  Drone  
  17  1:51  Hatchery  
  17  1:55  Overlord  
  17  2:13  Queen  
  19  2:20  Queen  
  21  2:29  Drone x2  
  23  2:44  Drone  
  23  2:45  Drone x2  
  26  3:15  Queen  
  28  3:21  Roach Warren  
  28  3:26  Extractor  
  26  3:27  Metabolic Boost  
  26  3:42  Zergling x14  
  26  3:43  Zergling x2  
  34  4:21  Overlord x3  
  34  4:40  Roach  
  34  4:41  Roach x7  
  50  4:50  Lair  
  50  4:54  Drone  
  46  5:17  Drone x6  
  52  5:21  Ravager  
  52  5:22  Ravager  
  52  5:23  Ravager  
  55  5:36  Queen  
  57  6:04  Overlord x2  
  57  6:05  Overlord  
  33  7:05  Roach x11  
  33  7:06  Roach x4  
  63  7:14  Evolution Chamber  
  62  7:21  Hydralisk Den  
  61  7:27  Drone x3  
  61  7:28  Drone x5  
  69  7:34  Drone x4  
  68  7:59  Queen  
  70  8:06  Ravager x3  
  70  8:07  Ravager x2  
  75  8:16  Extractor  
  75  8:18  Extractor, Drone x7  
  80  8:30  Hatchery  
  79  8:35  Lurker Den  
  79  8:42  Hydralisk  
  79  8:45  Overlord  
  79  8:46  Overlord x2  
  81  9:09  Zerg Melee Weapons Level 1  
  81  9:17  Evolution Chamber  
  81  9:22  Infestation Pit  
  79  9:28  Hydralisk  
  79  9:29  Hydralisk x5  
  91  9:37  Drone x6  
  97  9:44  Extractor  
  96  9:47  Extractor  
  95  10:01  Zerg Ground Armor Level 1  
  95  10:06  Hydralisk  
  95  10:07  Hydralisk x4  
  105  10:23  Drone x7  
  105  10:27  Overlord x2  
  105  10:28  Overlord  
  112  10:41  Muscular Augments  
  112  10:47  Roach x4  
  120  10:52  Lurker  
  120  10:53  Lurker x3  
  125  10:57  Lurker  
  125  11:07  Queen  
  127  11:11  Overlord x3  
  127  11:18  Zerg Melee Weapons Level 2  
  127  11:26  Hive  
  127  11:37  Overseer  
  127  11:43  Pneumatized Carapace  
  127  11:47  Roach x5  
  137  12:28  Hatchery  
  136  12:45  Ultralisk Cavern  
  136  12:49  Zerg Ground Armor Level 2  
  134  13:57  Lurker x3  
  134  13:59  Hydralisk x5  
  134  14:00  Hydralisk x9  
  93  15:16  Roach  
  93  15:17  Roach x3  
  93  15:19  Ultralisk  
  93  15:20  Ultralisk x4  
  93  15:21  Ultralisk x3  
  143  15:26  Chitinous Plating  
  147  15:58  Queen  
  147  16:28  Zerg Melee Weapons Level 3  
  147  16:32  Zerg Ground Armor Level 3  
  147  17:00  Extractor  
  146  17:02  Extractor  
  146  17:08  Overseer  
  145  17:09  Overseer  
  145  17:23  Drone x3  
  148  17:42  Ultralisk  
  154  17:46  Overlord x2  
  154  17:47  Overlord x2  
  154  18:00  Roach x2  
  154  18:05  Overlord  
  158  18:09  Hydralisk  
  158  18:10  Hydralisk x5  
  158  18:11  Hydralisk x2  
  174  18:13  Ultralisk x2  
  174  18:18  Hydralisk x2  
  188  20:17  Zergling x4  
  188  20:18  Zergling x20  
  188  21:35  Adrenal Glands  
  181  22:28  Hatchery  
  179  22:35  Hatchery  
  122  23:19  Ultralisk  
  132  23:20  Ultralisk x3  
  132  23:24  Hydralisk  
  146  24:21  Hydralisk  
  146  24:22  Hydralisk x2  
Tags
 
Composition
Lurkers
Matchup
PvZ
Spawn Locations
Close Positions
Add a new tag
Caveats
  • Supply blocks, unpowered buildings, or Contaminate may cause inaccurate times.
  • Supply counts are checked every 10 seconds.